[Event "ICC tourney 3162 (40 10)"]
[Site "Internet Chess Club"]
[Date "2023.04.01"]
[Round "2"]
[White "RAYNES, PAUL:dumbunnyfish"]
[Black "YUAN, SERENA:doudou2011"]
[Result "0-1"]
[ICCResult "White forfeits on time"]
[WhiteElo "2150"]
[BlackElo "1865"]
[Opening "Queen's pawn, Mason variation"]
[ECO "D00"]
[NIC "QP.08"]
[Time "13:15:07"]
[PlyCount "84"]
[TimeControl "2400+10"]

1. d4 d5 2. Bf4 Nf6 3. e3 e6 4. Nd2 c5 5. Ngf3 Nc6 6. c3 Bd6 7. Bg3 O-O 8.
Bd3 b6 9. e4 dxe4 10. Nxe4 Nxe4 11. Bxe4 Bb7 12. dxc5 Bxc5 13. Qa4 Qc8 14.
Bxh7+ Kxh7 15. Qh4+ Kg8 16. Ng5 Rd8 17. Qh7+ Kf8 18. Qh8+ Ke7 19. Qxg7 Rf8
20. Bh4 Ke8 21. O-O Ne7 22. Nh7 Nf5 23. Nf6+ Kd8 24. Rad1+ Kc7 25. Bg3+ Bd6
26. Qg4 Nxg3 27. fxg3 Bc5+ 28. Kh1 Rd8 29. b4 Be7 30. Ne4 Bxe4 31. Qxe4 f5
32. Qe5+ Bd6 33. Qf6 Qd7 34. Qd4 Qh7 35. Qc4+ Kd7 36. Rfe1 Qh6 37. h3 Ke7
38. Qc6 Bxg3 39. Qb7+ Kf8 40. Rf1 Qh5 41. Rd4 Be5 42. Rc4 Qe2
{White forfeits on time}
0-1

[Event "ICC tourney 3162 (40 10)"]
[Site "Internet Chess Club"]
[Date "2023.04.01"]
[Round "3"]
[White "WILLY, STEPHEN:stephenwilly"]
[Black "HO, CARTER:corviknight"]
[Result "1-0"]
[ICCResult "Black resigns"]
[WhiteElo "2143"]
[BlackElo "2090"]
[Opening "Sicilian: Alapin's variation (2.c3)"]
[ECO "B22"]
[NIC "SI.46"]
[Time "15:31:01"]
[PlyCount "33"]
[TimeControl "2400+10"]

1. e4 c5 2. c3 d5 3. exd5 Qxd5 4. d4 cxd4 5. cxd4 Nc6 6. Nf3 Bg4 7. Nc3 Qe6+
8. Be3 O-O-O 9. d5 Qf5 10. Bd3 Qd7 11. dxc6 Qxd3 12. cxb7+ Kxb7 13. Qa4 Bxf3
14. Qxa7+ Kc6 15. Qb6+ Kd7 16. gxf3 Ke8 17. Rd1 {Black resigns} 1-0

[Event "ICC tourney 3162 (40 10)"]
[Site "Internet Chess Club"]
[Date "2023.04.01"]
[Round "3"]
[White "QI, JENNY:eevee11"]
[Black "KOEHL, EVAN:MacAndSneeze"]
[Result "1-0"]
[ICCResult "Black resigns"]
[WhiteElo "1817"]
[BlackElo "2076"]
[Opening "Caro-Kann: Tartakower (Nimzovich) variation"]
[ECO "B15"]
[NIC "CK.06"]
[Time "15:30:09"]
[PlyCount "53"]
[TimeControl "2400+10"]

1. e4 c6 2. d4 d5 3. Nc3 dxe4 4. Nxe4 Nf6 5. Nxf6+ exf6 6. c3 Bd6 7. Bd3 O-O
8. Qc2 Re8+ 9. Ne2 h5 10. Be3 Nd7 11. O-O Nf8 12. h3 Bd7 13. Rae1 Qc8 14.
Ng3 Bxg3 15. fxg3 Ne6 16. Qe2 Qc7 17. Qxh5 Qxg3 18. Qh7+ Kf8 19. d5 Ke7 20.
dxe6 Bxe6 21. Bf4 Qxe1 22. Rxe1 Rad8 23. Bc4 Rg8 24. Bxe6 fxe6 25. Qf5 Rd1
26. Qxe6+ Kf8 27. Rxd1 {Black resigns} 1-0

[Event "ICC tourney 3162 (40 10)"]
[Site "Internet Chess Club"]
[Date "2023.04.01"]
[Round "3"]
[White "MARKOVIC, GORAN:Goran21"]
[Black "RAYNES, PAUL:dumbunnyfish"]
[Result "1-0"]
[ICCResult "Black resigns"]
[WhiteElo "2075"]
[BlackElo "2150"]
[Opening "Pirc: Austrian attack, 6.Bd3"]
[ECO "B09"]
[NIC "PU.02"]
[Time "15:30:55"]
[PlyCount "51"]
[TimeControl "2400+10"]

1. e4 d6 2. d4 Nf6 3. Nc3 g6 4. f4 Bg7 5. Nf3 O-O 6. Bd3 Na6 7. e5 dxe5 8.
dxe5 Nh5 9. O-O Nc5 10. Ne4 Nxd3 11. cxd3 b6 12. Re1 Bh6 13. Neg5 f6 14.
Qb3+ Kg7 15. Ne6+ Bxe6 16. Qxe6 Qxd3 17. f5 Bxc1 18. Qxe7+ Kh8 19. Raxc1 c5
20. Rcd1 Qxf5 21. Rd7 g5 22. e6 Rae8 23. Qd6 Ng7 24. e7 Rf7 25. Rd8 Qg6 26.
Qd7 {Black resigns} 1-0

[Event "ICC tourney 3162 (40 10)"]
[Site "Internet Chess Club"]
[Date "2023.04.01"]
[Round "3"]
[White "Belous, Vladimir:Openyagami"]
[Black "YAN, RUIYANG:jy2020"]
[Result "1-0"]
[ICCResult "Black resigns"]
[WhiteElo "2604"]
[BlackElo "2351"]
[Opening "Nimzo-Indian: Kmoch variation"]
[ECO "E20"]
[NIC "NI.30"]
[Time "15:30:07"]
[PlyCount "65"]
[TimeControl "2400+10"]

1. d4 Nf6 2. c4 e6 3. Nc3 Bb4 4. f3 O-O 5. e4 c5 6. d5 d6 7. Ne2 b5 8. Nf4
exd5 9. cxd5 c4 10. a4 Nbd7 11. axb5 Ne5 12. Be3 Bd7 13. Be2 Bxb5 14. O-O a6
15. Nh3 Re8 16. Nf2 h6 17. Bd4 Rc8 18. Nh1 Nfd7 19. f4 Nd3 20. Nxb5 axb5 21.
Bxd3 cxd3 22. Ng3 Rc4 23. Nf5 Bc5 24. Nxh6+ gxh6 25. Qg4+ Kf8 26. Qg7+ Ke7
27. Bxc5 Rxc5 28. e5 Qb6 29. e6 Rxd5+ 30. Kh1 Rf5 31. Rae1 d2 32. exf7+
dxe1=Q 33. Rxe1+ {Black resigns} 1-0

[Event "ICC tourney 3162 (40 10)"]
[Site "Internet Chess Club"]
[Date "2023.04.01"]
[Round "3"]
[White "YUAN, SERENA:doudou2011"]
[Black "HO, COOPER:arsenicblast"]
[Result "0-1"]
[ICCResult "White resigns"]
[WhiteElo "1865"]
[BlackElo "2194"]
[Opening "Queen's pawn game"]
[ECO "D02"]
[NIC "QP.08"]
[Time "15:30:09"]
[PlyCount "92"]
[TimeControl "2400+10"]

1. d4 d5 2. Nf3 Bf5 3. c4 e6 4. g3 Nf6 5. Bg2 Bb4+ 6. Bd2 Bxd2+ 7. Nbxd2 O-O
8. O-O Nbd7 9. Nh4 Bg6 10. Nxg6 hxg6 11. Qb3 c5 12. cxd5 exd5 13. Bxd5 cxd4
14. Bg2 Nc5 15. Qb5 Rc8 16. Rac1 b6 17. b4 a6 18. Qc4 b5 19. Qc2 d3 20. exd3
Nxd3 21. Qxc8 Qxc8 22. Rxc8 Rxc8 23. a3 Rc2 24. Ne4 Ra2 25. Nc5 Nxc5 26.
bxc5 Rc2 27. Bb7 Rxc5 28. Bxa6 Nd5 29. Rb1 Nc3 30. Rb3 Kf8 31. Kf1 Ke7 32.
Ke1 Ke6 33. Kd2 Ne4+ 34. Ke3 Nd6 35. f3 Kd5 36. Rb4 Rc3+ 37. Kf2 Rxa3 38.
Bxb5 Kc5 39. Ra4 Nxb5 40. Rxa3 Nxa3 41. Ke3 Kd5 42. Kf4 Nc4 43. g4 Ne5 44.
h4 g5+ 45. hxg5 Ng6+ 46. Kf5 Kd4 {White resigns} 0-1

[Event "ICC tourney 3162 (40 10)"]
[Site "Internet Chess Club"]
[Date "2023.04.01"]
[Round "3"]
[White "QUIRKE, JEFFREY L:PawnEatingZombi"]
[Black "Volkov, Sergey:Volkov"]
[Result "0-1"]
[ICCResult "White resigns"]
[WhiteElo "2171"]
[BlackElo "2503"]
[Opening "QGD: semi-Slav"]
[ECO "D31"]
[NIC "SL.06"]
[Time "15:30:06"]
[PlyCount "84"]
[TimeControl "2400+10"]

1. d4 d5 2. c4 e6 3. Nc3 c6 4. e3 Bd6 5. b3 f5 6. Nf3 Nf6 7. Bd3 Ne4 8. Bb2
Nd7 9. O-O O-O 10. Ne2 Qf6 11. a4 g5 12. a5 g4 13. Ne1 Qh6 14. Nf4 Ndf6 15.
Ba3 Bxf4 16. exf4 Rd8 17. Be7 Rd7 18. Bxf6 Nxf6 19. g3 c5 20. Qe2 cxd4 21.
Qxe6+ Rf7 22. Qe5 Ne4 23. cxd5 Nd2 24. Ra2 Nxf1 25. Bxf1 Bd7 26. Qxd4 Qf6
27. Qxf6 Rxf6 28. Bc4 Kf8 29. Nd3 Rc8 30. Ne5 Be8 31. Rd2 Rd6 32. h4 b5 33.
axb6 axb6 34. b4 Ba4 35. Kg2 b5 36. Bd3 Rxd5 37. Bxf5 Rxd2 38. Bxc8 h5 39.
f5 Bb3 40. Ng6+ Kg7 41. Nf4 Bd5+ 42. Kf1 Bf3 {White resigns} 0-1

[Event "ICC tourney 3162 (40 10)"]
[Site "Internet Chess Club"]
[Date "2023.04.01"]
[Round "3"]
[White "BERKLEY, DARRIN K:drberkley"]
[Black "Cao, Frank Zhongtian:FrankCao"]
[Result "1/2-1/2"]
[ICCResult "Game drawn by repetition"]
[WhiteElo "1890"]
[BlackElo "1738"]
[Opening "Caro-Kann: Tartakower (fantasy) variation"]
[ECO "B12"]
[NIC "CK.02"]
[Time "15:30:09"]
[PlyCount "105"]
[TimeControl "2400+10"]

1. e4 c6 2. d4 d5 3. f3 dxe4 4. fxe4 e5 5. Nf3 exd4 6. Bc4 Nd7 7. O-O Ngf6
8. e5 Nd5 9. e6 fxe6 10. Ng5 N7f6 11. Qxd4 Qb6 12. Qxb6 axb6 13. Re1 Bc5+
14. Kh1 O-O 15. Bd2 h6 16. Nf3 b5 17. Bd3 Ng4 18. h3 Nf2+ 19. Kh2 Bd6+ 20.
Ne5 Nxd3 21. cxd3 Rf5 22. d4 Ra4 23. Bc3 b4 24. b3 Ra8 25. Bb2 Rf2 26. Bc1
Raxa2 27. Rxa2 Rxa2 28. Nd2 Bxe5+ 29. dxe5 Ra8 30. Nc4 b6 31. Bd2 c5 32. Rf1
Ba6 33. Rf3 Bxc4 34. bxc4 Ne7 35. Rd3 Nc6 36. Bf4 Nd4 37. Bc1 b3 38. Bb2 Ra2
39. Bxd4 cxd4 40. Rxb3 Rc2 41. Rxb6 Rxc4 42. Rxe6 Kf7 43. Rd6 Rc5 44. Rxd4
Rxe5 45. Rd7+ Kg6 46. Kg3 Re4 47. Kf3 Ra4 48. Rd6+ Kf7 49. Rd7+ Kg6 50. Rd6+
Kf7 51. Rd7+ Kg6 52. Rd6+ Kf7 53. Rd7+ {Game drawn by repetition} 1/2-1/2

[Event "ICC tourney 3162 (40 10)"]
[Site "Internet Chess Club"]
[Date "2023.04.01"]
[Round "3"]
[White "IVANOV, ALEXANDER:marble"]
[Black "BHATIA, AADIT:aaditbhatia"]
[Result "1/2-1/2"]
[ICCResult "Game drawn by mutual agreement"]
[WhiteElo "2487"]
[BlackElo "2186"]
[Opening "Sicilian: Nimzovich-Rossolimo attack (with ...g6, without ...d6)"]
[ECO "B31"]
[NIC "SI.31"]
[Time "15:30:09"]
[PlyCount "64"]
[TimeControl "2400+10"]

1. e4 c5 2. Nf3 Nc6 3. Bb5 g6 4. O-O Bg7 5. c3 Nf6 6. Re1 O-O 7. h3 d6 8. d4
cxd4 9. cxd4 Bd7 10. Nc3 a6 11. Bf1 b5 12. e5 Ne8 13. Bf4 dxe5 14. dxe5 Nc7
15. Rc1 Ne6 16. Qd2 Nxf4 17. Qxf4 Qb8 18. a4 bxa4 19. Nxa4 Nxe5 20. Nxe5
Bxe5 21. Qxe5 Bxa4 22. Qd4 Qe8 23. h4 Bb5 24. h5 Rd8 25. Qh4 Bxf1 26. Rxe7
Qb5 27. Rxf1 Qxb2 28. Rfe1 Qd4 29. Qxd4 Rxd4 30. Ra7 Ra4 31. Re3 Rd8 32. Rf3
Rf8 {Game drawn by mutual agreement} 1/2-1/2

[Event "ICC tourney 3162 (40 10)"]
[Site "Internet Chess Club"]
[Date "2023.04.01"]
[Round "3"]
[White "Guo, Anni:movingkid"]
[Black "CHINNI, RISHABH:alphachesplayer"]
[Result "0-1"]
[ICCResult "White resigns"]
[WhiteElo "1727"]
[BlackElo "1993"]
[Opening "Ruy Lopez: exchange variation, Alapin gambit"]
[ECO "C68"]
[NIC "RL.08"]
[Time "15:30:39"]
[PlyCount "90"]
[TimeControl "2400+10"]

1. e4 e5 2. Nf3 Nc6 3. Bb5 a6 4. Bxc6 dxc6 5. O-O Bg4 6. h3 h5 7. d3 Qf6 8.
Be3 Bxf3 9. Qxf3 Qxf3 10. gxf3 Bd6 11. Nd2 Ne7 12. Kh2 Ng6 13. Rg1 O-O-O 14.
Nc4 b5 15. Na5 c5 16. Nb3 c4 17. dxc4 bxc4 18. Na5 c3 19. b3 Kd7 20. Rad1
Ke6 21. Nc6 Rdg8 22. Rd3 Nh4 23. Kg3 g5 24. Rxc3 f5 25. Bd2 f4+ 26. Kh2 g4
27. fxg4 hxg4 28. Bxf4 exf4 29. Rxg4 Rxg4 30. hxg4 Nf3+ 31. Kg2 Rh2+ 32. Kf1
Ne5 33. Nxe5 Bxe5 34. Rc6+ Kd7 35. Rc5 f3 36. Ke1 Bf4 37. Rh5 Rxh5 38. gxh5
Ke6 39. c4 Ke5 40. b4 Kd4 41. b5 a5 42. a4 Kxc4 43. e5 Bxe5 44. Kd2 Bf4+ 45.
Kc2 Kd4 {White resigns} 0-1

[Event "ICC tourney 3162 (40 10)"]
[Site "Internet Chess Club"]
[Date "2023.04.01"]
[Round "3"]
[White "OPASKA, MICHAEL:mopaska1106"]
[Black "Cheng, Samuel:Samuel1001"]
[Result "0-1"]
[ICCResult "White resigns"]
[WhiteElo "1909"]
[BlackElo "1030"]
[Opening "Grünfeld: modern exchange variation"]
[ECO "D85"]
[NIC "GI.04"]
[Time "15:30:08"]
[PlyCount "114"]
[TimeControl "2400+10"]

1. d4 Nf6 2. c4 g6 3. Nc3 d5 4. cxd5 Nxd5 5. e4 Nxc3 6. bxc3 Bg7 7. Nf3 c5
8. Be3 Qa5 9. Qd2 Nc6 10. Rb1 a6 11. Rc1 O-O 12. d5 Rd8 13. Be2 Bg4 14. h3
Bxf3 15. gxf3 Rac8 16. h4 e6 17. h5 exd5 18. hxg6 fxg6 19. exd5 Na7 20. c4
Qb6 21. Bd3 Re8 22. Be4 Rcd8 23. Rb1 Qc7 24. d6 Rxd6 25. Bd5+ Kh8 26. Ke2 b6
27. Rxh7+ Kxh7 28. Rh1+ Bh6 29. Rxh6+ Kg7 30. Qc3+ Rf6 31. Rh7+ Kxh7 32.
Qxf6 Qe7 33. Qf4 Qf8 34. Qh2+ Kg7 35. Kd2 Rxe3 36. fxe3 Qe7 37. Qb8 b5 38.
Qg8+ Kf6 39. e4 Kg5 40. f4+ Kxf4 41. Qxg6 Qf8 42. Bf7 Qd8+ 43. Ke2 Qh4 44.
Qd6+ Kg4 45. Be6+ Kh5 46. Qe5+ Kh6 47. Qh8+ Kg5 48. Qe5+ Kh6 49. Bf5 Qh5+
50. Kf1 Qd1+ 51. Kg2 Qe2+ 52. Kg1 Qe1+ 53. Kg2 Qe2+ 54. Kh3 Qf3+ 55. Kh4
Qh1+ 56. Kg4 Qg2+ 57. Kf4 Qh2+ {White resigns} 0-1

[Event "ICC tourney 3162 (40 10)"]
[Site "Internet Chess Club"]
[Date "2023.04.01"]
[Round "4"]
[White "HO, COOPER:arsenicblast"]
[Black "IVANOV, ALEXANDER:marble"]
[Result "0-1"]
[ICCResult "White resigns"]
[WhiteElo "2194"]
[BlackElo "2487"]
[Opening "Robatsch defense: two knights, Suttles variation"]
[ECO "B06"]
[NIC "KF.05"]
[Time "17:46:03"]
[PlyCount "40"]
[TimeControl "2400+10"]

1. e4 g6 2. d4 Bg7 3. Nc3 c6 4. Nf3 d6 5. Be3 Qb6 6. Rb1 Qc7 7. Bc4 b5 8.
Bd3 a6 9. O-O Nd7 10. a4 b4 11. Ne2 c5 12. c3 c4 13. cxb4 cxd3 14. Qxd3 Ngf6
15. Rbc1 Qb7 16. e5 Nd5 17. exd6 O-O 18. dxe7 Re8 19. Nf4 Rxe7 20. Qc4 N7b6
{White resigns}
0-1

[Event "ICC tourney 3162 (40 10)"]
[Site "Internet Chess Club"]
[Date "2023.04.01"]
[Round "4"]
[White "Cao, Frank Zhongtian:FrankCao"]
[Black "MARKOVIC, GORAN:Goran21"]
[Result "0-1"]
[ICCResult "White resigns"]
[WhiteElo "1738"]
[BlackElo "2075"]
[Opening "Ruy Lopez: modern Steinitz defense"]
[ECO "C71"]
[NIC "RL.10"]
[Time "17:46:06"]
[PlyCount "66"]
[TimeControl "2400+10"]

1. e4 e5 2. Nf3 Nc6 3. Bb5 a6 4. Ba4 d6 5. d4 Bd7 6. O-O b5 7. Bb3 exd4 8.
c3 Nf6 9. cxd4 Be7 10. Re1 O-O 11. Nc3 b4 12. Nd5 Na5 13. Nxe7+ Qxe7 14. Bc2
h6 15. e5 dxe5 16. Rxe5 Qd6 17. Rxa5 Bb5 18. a4 bxa3 19. R5xa3 Rfe8 20. Re3
Ng4 21. Rxe8+ Rxe8 22. Be3 Bc6 23. Ne5 Nxe3 24. fxe3 Bb7 25. Qd3 g6 26. Rf1
Re7 27. Qe2 c5 28. Qg4 cxd4 29. Bxg6 fxg6 30. Nxg6 Rg7 31. Qf4 Qxg6 32. Qb8+
Kh7 33. g3 Qe4 {White resigns} 0-1

[Event "ICC tourney 3162 (40 10)"]
[Site "Internet Chess Club"]
[Date "2023.04.01"]
[Round "4"]
[White "GHOSH, YOHAN:luckylion"]
[Black "WILLY, STEPHEN:stephenwilly"]
[Result "0-1"]
[ICCResult "White checkmated"]
[WhiteElo "1834"]
[BlackElo "2143"]
[Opening "Scotch: Schmidt variation"]
[ECO "C45"]
[NIC "SO.04"]
[Time "17:48:18"]
[PlyCount "48"]
[TimeControl "2400+10"]

1. e4 e5 2. Nf3 Nc6 3. d4 exd4 4. Nxd4 Nf6 5. Nc3 Bb4 6. Nxc6 bxc6 7. Qd4
Qe7 8. Bd3 c5 9. Qe3 O-O 10. O-O Bb7 11. e5 Ng4 12. Qh3 f5 13. Bxf5 Rxf5 14.
Qxg4 Qxe5 15. Bd2 Raf8 16. a3 Ba5 17. Qa4 Bb6 18. Rfe1 Qf6 19. f4 c4+ 20.
Kh1 Rh5 21. Qxc4+ Kh8 22. Qd3 Qh4 23. h3 Qxh3+ 24. Qxh3 Rxh3# {White
checkmated} 0-1

[Event "ICC tourney 3162 (40 10)"]
[Site "Internet Chess Club"]
[Date "2023.04.01"]
[Round "4"]
[White "Cheng, Samuel:Samuel1001"]
[Black "CHINNI, RISHABH:alphachesplayer"]
[Result "1-0"]
[ICCResult "Black checkmated"]
[WhiteElo "1030"]
[BlackElo "1993"]
[Opening "Nimzo-Indian: 4.e3, main line with 8...Bxc3"]
[ECO "E58"]
[NIC "NI.02"]
[Time "17:46:11"]
[PlyCount "61"]
[TimeControl "2400+10"]

1. d4 Nf6 2. c4 e6 3. Nc3 Bb4 4. e3 O-O 5. Nf3 c5 6. Bd3 d5 7. O-O Nc6 8. a3
Bxc3 9. bxc3 b6 10. Qc2 Na5 11. Ne5 Ba6 12. cxd5 Bxd3 13. Nxd3 c4 14. Ne5
exd5 15. a4 Nb3 16. Ra2 Re8 17. Ba3 Qc7 18. Qf5 Ne4 19. f3 Nxc3 20. Rc2 Nxa4
21. f4 f6 22. Ng4 Qf7 23. Rf3 Qe6 24. Qh5 Qe4 25. Nxf6+ gxf6 26. Rg3+ Kh8
27. Qf7 Qxe3+ 28. Rxe3 Rxe3 29. Bf8 Re1+ 30. Kf2 Ree8 31. Bg7#
{Black checkmated}
1-0

[Event "ICC tourney 3162 (40 10)"]
[Site "Internet Chess Club"]
[Date "2023.04.01"]
[Round "4"]
[White "BHATIA, AADIT:aaditbhatia"]
[Black "QUIRKE, JEFFREY L:PawnEatingZombi"]
[Result "1-0"]
[ICCResult "Black resigns"]
[WhiteElo "2186"]
[BlackElo "2171"]
[Opening "Catalan: closed"]
[ECO "E01"]
[NIC "QP.08"]
[Time "17:46:58"]
[PlyCount "59"]
[TimeControl "2400+10"]

1. d4 d5 2. c4 e6 3. g3 Nf6 4. Bg2 Bb4+ 5. Nd2 O-O 6. Nf3 Nbd7 7. O-O b6 8.
Qc2 Bb7 9. Ne5 Nxe5 10. dxe5 Nd7 11. Nf3 Be7 12. Rd1 c5 13. h4 h6 14. cxd5
exd5 15. Bh3 Re8 16. e6 Nf8 17. exf7+ Kxf7 18. e4 Bf6 19. exd5 Bxd5 20. Bg2
Bd4 21. Nxd4 Bxg2 22. Nb5 Bc6 23. Bf4 Qf6 24. Qb3+ Ne6 25. Nd6+ Kf8 26. Nxe8
Rxe8 27. Rd6 Ba8 28. Re1 Qf5 29. Rdxe6 Rxe6 30. Qxe6 {Black resigns} 1-0

[Event "ICC tourney 3162 (40 10)"]
[Site "Internet Chess Club"]
[Date "2023.04.01"]
[Round "4"]
[White "Volkov, Sergey:Volkov"]
[Black "Belous, Vladimir:Openyagami"]
[Result "0-1"]
[ICCResult "White resigns"]
[WhiteElo "2503"]
[BlackElo "2604"]
[Opening "King's Indian: Makagonov system (5.h3)"]
[ECO "E71"]
[NIC "KI.30"]
[Time "17:46:07"]
[PlyCount "70"]
[TimeControl "2400+10"]

1. d4 Nf6 2. c4 g6 3. Nc3 Bg7 4. e4 d6 5. h3 O-O 6. Be3 Nbd7 7. Nf3 e5 8. d5
Nc5 9. Nd2 a5 10. g4 c6 11. Be2 a4 12. g5 Ne8 13. h4 f5 14. gxf6 Nxf6 15. h5
gxh5 16. Bxc5 dxc5 17. Bxh5 a3 18. Rb1 axb2 19. Rxb2 Ra3 20. Ndb1 Ra6 21.
dxc6 Qe7 22. cxb7 Bxb7 23. Bf3 Kh8 24. Nd2 Qf7 25. Qb3 Bc8 26. Qb5 Nd7 27.
Nd5 Bh6 28. Bg4 Qxf2+ 29. Kd1 Qg2 30. Bxd7 Qxh1+ 31. Kc2 Bxd2 32. Qxc5 Qc1+
33. Kd3 Rf3+ 34. Ke2 Qf1+ 35. Kxd2 Rd3+ {White resigns} 0-1

[Event "ICC tourney 3162 (40 10)"]
[Site "Internet Chess Club"]
[Date "2023.04.01"]
[Round "4"]
[White "YUAN, SERENA:doudou2011"]
[Black "BERKLEY, DARRIN K:drberkley"]
[Result "1/2-1/2"]
[ICCResult "Game drawn by repetition"]
[WhiteElo "1865"]
[BlackElo "1890"]
[Opening "King's Indian: fianchetto, Uhlmann (Szabo) variation"]
[ECO "E62"]
[NIC "KI.72"]
[Time "17:46:04"]
[PlyCount "93"]
[TimeControl "2400+10"]

1. d4 Nf6 2. Nf3 g6 3. g3 Bg7 4. Bg2 d6 5. O-O O-O 6. c4 Nc6 7. Nc3 e5 8. d5
Ne7 9. e4 Nd7 10. Be3 a5 11. a3 b6 12. b4 axb4 13. axb4 Rxa1 14. Qxa1 f5 15.
Ng5 Nf6 16. h3 h6 17. Ne6 Bxe6 18. dxe6 c6 19. Qa7 Nc8 20. Qb7 Qe8 21. Bxb6
Qxe6 22. Qxc6 Nxb6 23. Qxb6 Qxc4 24. Nd5 Nxd5 25. exd5 Rf6 26. b5 e4 27. Qc6
Qb4 28. b6 Rf7 29. Rc1 Bd4 30. Qe8+ Kg7 31. Rc7 Bxf2+ 32. Kh2 Bxg3+ 33. Kxg3
Rxc7 34. bxc7 Qc3+ 35. Kh2 Qxc7 36. Qe6 Kh7 37. Qf6 Qd7 38. h4 h5 39. Kg3
Qc7 40. Kh2 e3 41. Kg3 Qc1 42. Qe7+ Kh6 43. Qg5+ Kh7 44. Qe7+ Kh6 45. Qg5+
Kh7 46. Qe7+ Kh6 47. Qg5+ {Game drawn by repetition} 1/2-1/2

[Event "ICC tourney 3162 (40 10)"]
[Site "Internet Chess Club"]
[Date "2023.04.01"]
[Round "4"]
[White "YAN, RUIYANG:jy2020"]
[Black "KONA, VIDIP KUMAR:Vidipkona"]
[Result "1-0"]
[ICCResult "Black resigns"]
[WhiteElo "2351"]
[BlackElo "1874"]
[Opening "Caro-Kann: two knights variation"]
[ECO "B10"]
[NIC "CK.01"]
[Time "17:46:38"]
[PlyCount "199"]
[TimeControl "2400+10"]

1. e4 c6 2. Nf3 d5 3. Nc3 dxe4 4. Nxe4 Nf6 5. Qe2 Nxe4 6. Qxe4 Nd7 7. Bc4
Nf6 8. Ne5 e6 9. Qe2 b5 10. Bd3 Bb7 11. O-O Qc7 12. b3 Bd6 13. Bb2 O-O 14.
Rfe1 Nd5 15. Qe4 f5 16. Qh4 Nb4 17. Nf3 Nxd3 18. Ng5 g6 19. Nxe6 Qe7 20.
Qxe7 Bxe7 21. cxd3 Rf7 22. Rac1 Bb4 23. Bc3 Ba3 24. Rb1 c5 25. f3 Rd7 26.
Re5 Rc8 27. Nf4 c4 28. b4 a5 29. Rxb5 axb4 30. Bxb4 Bxb4 31. R5xb4 Ba6 32.
Rb6 Ra7 33. R1b4 cxd3 34. Ra4 Rca8 35. Kf2 Kf7 36. Rb3 g5 37. Nd5 Bc8 38.
Rxa7+ Rxa7 39. a3 Ra5 40. Nb4 f4 41. Rxd3 Ke6 42. Rc3 Bd7 43. d4 Kd6 44. Ke2
h6 45. Kd2 Ra4 46. Kc2 Ra5 47. Kb2 h5 48. h3 g4 49. hxg4 hxg4 50. Nd3 gxf3
51. gxf3 Ra4 52. Nb4 Ra5 53. Rc1 Rh5 54. Nd3 Rd5 55. Kc3 Ra5 56. Ra1 Bc6 57.
Ne5 Bd5 58. a4 Ra8 59. a5 Rc8+ 60. Kd3 Rb8 61. Ra3 Rb1 62. a6 Rd1+ 63. Kc3
Rc1+ 64. Kd2 Rh1 65. a7 Ba8 66. Nc4+ Kc6 67. Ra5 Rh3 68. d5+ Kc7 69. Ke2 Rh8
70. Kd3 Re8 71. Kd4 Re1 72. d6+ Kb7 73. Ra2 Rf1 74. Ra3 Kc6 75. d7 Rd1+ 76.
Rd3 Rxd3+ 77. Kxd3 Kxd7 78. Nb6+ Kc7 79. Nxa8+ Kb7 80. Nb6 Kxa7 81. Nd5 Kb7
82. Nxf4 Kc6 83. Ke4 Kd6 84. Kf5 Ke7 85. Nd5+ Kf7 86. f4 Kg7 87. Ke6 Kf8 88.
Kf6 Ke8 89. Kg7 Kd7 90. f5 Kd6 91. f6 Kxd5 92. f7 Ke6 93. f8=Q Ke5 94. Kg6
Ke4 95. Kg5 Ke3 96. Qf4+ Kd3 97. Kf5 Kc3 98. Ke5 Kb3 99. Kd5 Ka3 100. Kc5
{Black resigns}
1-0

[Event "ICC tourney 3162 (40 10)"]
[Site "Internet Chess Club"]
[Date "2023.04.01"]
[Round "4"]
[White "WU, JAYDEN:SparkyNinja"]
[Black "Guo, Anni:movingkid"]
[Result "1-0"]
[ICCResult "Black resigns"]
[WhiteElo "2014"]
[BlackElo "1727"]
[Opening "Robatsch (modern) defense"]
[ECO "B06"]
[NIC "KF.05"]
[Time "17:46:14"]
[PlyCount "101"]
[TimeControl "2400+10"]

1. e4 g6 2. d4 Bg7 3. Nc3 d6 4. Nge2 b6 5. Ng3 Bb7 6. Be3 e6 7. Be2 Ne7 8.
O-O O-O 9. Qd2 Nbc6 10. Rad1 a6 11. a3 f5 12. d5 exd5 13. exd5 Ne5 14. f4
Nd7 15. Bf3 Nf6 16. Nge2 Qe8 17. Rfe1 Qf7 18. Nc1 Kh8 19. Nb3 Rfe8 20. Bd4
Neg8 21. Bf2 Rxe1+ 22. Rxe1 Re8 23. Rxe8 Qxe8 24. Nd4 Ne4 25. Bxe4 fxe4 26.
Ne6 Qf7 27. Nxe4 Nf6 28. N4g5 Qd7 29. Nxg7 Kxg7 30. Bd4 Qe7 31. Qc3 Bxd5 32.
Bxf6+ Qxf6 33. Qxc7+ Bf7 34. Qxf7+ Qxf7 35. Nxf7 Kxf7 36. Kf2 Kf6 37. g4 h5
38. h3 hxg4 39. hxg4 d5 40. Ke3 Ke6 41. Kd4 Kd6 42. f5 gxf5 43. gxf5 b5 44.
f6 Ke6 45. f7 Kxf7 46. Kxd5 Ke7 47. Kc6 Ke6 48. Kb6 Kd5 49. Kxa6 Kc5 50. Ka5
Kc4 51. b4 {Black resigns} 1-0

[Event "ICC tourney 3162 (40 10)"]
[Site "Internet Chess Club"]
[Date "2023.04.01"]
[Round "4"]
[White "KOEHL, EVAN:MacAndSneeze"]
[Black "ZHUGE, KATHERINE:FlowingMelody"]
[Result "1/2-1/2"]
[ICCResult "Game drawn by repetition"]
[WhiteElo "2076"]
[BlackElo "1736"]
[Opening "Sicilian: Anderssen variation"]
[ECO "B41"]
[NIC "SI.41"]
[Time "17:46:04"]
[PlyCount "119"]
[TimeControl "2400+10"]

1. e4 c5 2. Nf3 e6 3. d4 cxd4 4. Nxd4 Nf6 5. Nc3 Nc6 6. Nxc6 bxc6 7. e5 Nd5
8. Ne4 Qc7 9. f4 Qb6 10. c4 Bb4+ 11. Ke2 f5 12. Nf2 Ba6 13. Kf3 Ne7 14. Be3
Qb7 15. Kg3 Ng6 16. c5 Bxf1 17. Rxf1 O-O 18. Qd6 Ba5 19. h4 Rfd8 20. h5 Bc7
21. Qd2 Ne7 22. b3 Nd5 23. Kh2 a5 24. g4 Rf8 25. Rg1 fxg4 26. Rxg4 Rf5 27.
Rh4 a4 28. Rb1 Ba5 29. b4 Bxb4 30. Qd4 Nxe3 31. Rxb4 Nc2 32. Rxb7 Nxd4 33.
Kg2 Rf7 34. Nd3 Nb5 35. Rh1 a3 36. Rc1 Kf8 37. Kf3 Ke7 38. Nb4 Ke8 39. Ke3
Ra4 40. Rb8+ Ke7 41. Nd3 Rf8 42. Rb7 Rfa8 43. Rg1 Rg8 44. Kd2 Ra7 45. Rxa7
Nxa7 46. Nb4 Nb5 47. Nc2 Kf7 48. Rg3 Ra8 49. Rd3 Ke7 50. Rg3 Kf8 51. Rd3 Ke7
52. Rg3 Kf8 53. Rd3 Ra7 54. Ke3 Ke7 55. Kd2 Ra4 56. Rg3 Kf8 57. Rf3 Ke7 58.
Rg3 Kf7 59. Rf3 Ke7 60. Rg3 {Game drawn by repetition} 1/2-1/2

[Event "ICC tourney 3162 (40 10)"]
[Site "Internet Chess Club"]
[Date "2023.04.01"]
[Round "5"]
[White "Belous, Vladimir:Openyagami"]
[Black "IVANOV, ALEXANDER:marble"]
[Result "1/2-1/2"]
[ICCResult "Game drawn by mutual agreement"]
[WhiteElo "2604"]
[BlackElo "2487"]
[Opening "Queen's pawn: Yusupov-Rubinstein system"]
[ECO "A46"]
[NIC "QP.06"]
[Time "20:00:47"]
[PlyCount "33"]
[TimeControl "2400+10"]

1. Nf3 Nf6 2. d4 e6 3. e3 b6 4. Bd3 Bb7 5. O-O d5 6. b3 Bd6 7. Bb2 O-O 8. c4
Ne4 9. Nbd2 Nd7 10. Rc1 c5 11. cxd5 exd5 12. dxc5 Ndxc5 13. Be2 Re8 14. Bb5
Re6 15. b4 Nxd2 16. Qxd2 Ne4 17. Qd4 {Game drawn by mutual agreement}
1/2-1/2